 Dungeon Crawl Stone Soup version 0.21.1-1-g345015f (webtiles) character file.

1405 tidbits the Charmwright (level 8, 50/64 HPs)
             Began as a Gnoll Skald on June 24, 2018.
             Quit the game on level 6 of the Dungeon.
             The game lasted 00:10:43 (973 turns).

tidbits the Charmwright (Gnoll Skald)                Turns: 973, Time: 00:10:44

Health: 50/64      AC:  4    Str: 14    XL:     8   Next: 70%
Magic:  17/17      EV: 15    Int: 17    God:
Gold:   92         SH:  5    Dex: 15    Spells: 8/19 levels left

rFire    . . .     SeeInvis .   a - +0 hand axe
rCold    . . .     Gourm    .   D - +0 buckler
rNeg     + . .     Faith    .   B - +1 robe {rN+}
rPois    .         Spirit   .   (no helmet)
rElec    .         Reflect  .   (no cloak)
rCorr    .         Harm     .   (no gloves)
MR       .....                  F - +0 pair of boots
Stlth    ++........             (no amulet)
HPRegen  0.20/turn              (no ring)
MPRegen  0.15/turn              (no ring)

@: no status effects
A: distributed training, fangs 1, strong nose
a: no special abilities


You were on level 6 of the Dungeon.
You were hungry.

You visited 2 branches of the dungeon, and saw 7 of its levels.

You collected 92 gold pieces.

Inventory:

Hand Weapons
 a - a +0 hand axe (weapon)
 f - a cursed -1 dagger
 q - a +0 war axe
 v - a +0 shortbow
Missiles
 h - a stone (quivered)
 j - 5 tomahawks
 r - 23 arrows
Armour
 b - a +0 leather armour
 e - a cursed +0 scale mail
 B - a +1 robe of positive energy (worn)
   (You found it on level 5 of the Dungeon)
 D - a +0 buckler (worn)
 F - a +0 pair of boots (worn)
Jewellery
 u - an uncursed ring of fire
   (You took it off an orc on level 5 of the Dungeon)
Wands
 i - a wand of scattershot (4)
 o - a wand of iceblast (7)
 s - a wand of disintegration (2)
Scrolls
 k - a scroll of random uselessness
 n - a scroll of remove curse
 t - 3 scrolls of teleportation
 w - a scroll of amnesia
Potions
 g - 2 potions of might
 l - 4 potions of haste
 m - 2 potions of agility
 p - a potion of lignification
 x - a potion of cancellation
 z - 2 potions of curing
Books
 c - a book of Battle

   Spells                             Type                      Level
   a - Infusion                       Charms                       1
   b - Shroud of Golubria             Charms/Translocation         2
   c - Song of Slaying                Charms                       2
   d - Spectral Weapon                Hexes/Charms                 3
   e - Regeneration                   Charms/Necromancy            3
Comestibles
 d - 7 rations


   Skills:
 + Level 5.8 Fighting
 + Level 3.4 Short Blades
 + Level 3.4 Long Blades
 + Level 5.8 Axes
 + Level 3.4 Maces & Flails
 + Level 3.4 Polearms
 + Level 3.4 Staves
 + Level 3.4 Slings
 + Level 3.4 Bows
 + Level 3.4 Crossbows
 + Level 3.4 Throwing
 + Level 4.3 Armour
 + Level 5.8 Dodging
 + Level 3.4 Stealth
 + Level 3.4 Shields
 + Level 3.4 Unarmed Combat
 + Level 6.1 Spellcasting
 + Level 2.8 Conjurations
 + Level 2.8 Hexes
 + Level 6.2 Charms
 + Level 2.8 Summonings
 + Level 2.8 Necromancy
 + Level 2.8 Translocations
 + Level 2.8 Transmutations
 + Level 2.8 Fire Magic
 + Level 2.8 Ice Magic
 + Level 2.8 Air Magic
 + Level 2.8 Earth Magic
 + Level 2.8 Poison Magic
 + Level 3.8 Invocations
 + Level 3.4 Evocations


You had 8 spell levels left.
You knew the following spells:

 Your Spells              Type           Power        Failure   Level  Hunger
g - Shroud of Golubria    Chrm/Tloc      ###.......   3%          2    None
i - Infusion              Chrm           ####         1%          1    None
r - Regeneration          Chrm/Necr      ###.......   6%          3    ##.....
w - Spectral Weapon       Hex/Chrm       ###.....     6%          3    ##.....
y - Song of Slaying       Chrm           ####....     1%          2    None


Dungeon Overview and Level Annotations

Branches:
Dungeon (6/15)             Temple (1/1) D:6

Altars:
Elyvilon
Fedhas
Gozag
Hepliaklqana
Kikubaaqudgha
Nemelex Xobeh
Sif Muna
Vehumet
Xom
Yredelemnul
Zin
The Shining One

Annotations:
D:2 Jessica


Innate Abilities, Weirdness & Mutations

Your experience applies equally to all skills.
You have very sharp teeth.
Your uncanny sense of smell can sniff out nearby items.


Message History

You slash the wyvern zombie!
The wyvern zombie is severely damaged.
Your spectral weapon hits the wyvern zombie.
The wyvern zombie bites your spectral weapon!
Your spectral weapon shares its damage with you!
* * * LOW HITPOINT WARNING * * *
You slash the wyvern zombie!
The wyvern zombie is almost destroyed.
Your spectral weapon hits the wyvern zombie.
You destroy the wyvern zombie!
You hear a shout! x2
An orc comes into view. It is wielding an enchanted hand axe.
You see here 2 potions of haste.
l - 4 potions of haste (gained 2)
You hear a shout!
An orc comes into view. It is wielding a hand axe.
You slash the orc!
You kill the orc!
An orc comes into view. It is wielding a short sword.
Things that are here:
an enchanted hand axe; 8 gold pieces You now have 92 gold pieces (gained 8).
Your song is almost over.
Your spectral weapon fades away.
Casting: Song of Slaying
Confirm with . or Enter, or press ? or * to list all spells.
You draw out your weapon's spirit!
You hit the orc. You bite the orc, but do no damage.
The orc is heavily wounded.
You hit the orc.
Your spectral weapon closely misses the orc.
The orc closely misses you.
The orc hits your spectral weapon but does no damage.
The orc hits you but does no damage.
You hit the orc.
You kill the orc!
You closely miss the orc. The orc completely misses you.
You slash the orc!
You kill the orc!
Your song has ended.
Things that are here:
a short sword; 5 tomahawks; an enchanted hand axe You swap places.
Things that are here:
a hand axe; a chain mail; an orc corpse You swap places.
You hear the slow rusting of a distant drain.
Things that are here:
a short sword; 5 tomahawks; an enchanted hand axe
j - 5 tomahawks
Found 6 gold pieces.
Found a staircase to the Ecumenical Temple.
Found a scroll labeled BEPUCL ZELEISE.
You see here a spear.
There is a staircase to the Ecumenical Temple here.
You climb downwards.
Welcome to the Ecumenical Temple!
Your summoned ally is left behind.
Your spectral weapon fades away.
There is a staircase back to the Dungeon here.
You open the door.
Found a radiant altar of Vehumet.
There is an open door here.
You open the door.
Found a glowing silver altar of Zin.
There is an open door here.
As you open the door, it creaks loudly!
Found a deep blue altar of Sif Muna.
There is an open door here.
You open the door.
Found a white marble altar of Elyvilon.
Found an opulent altar of Gozag.
There is an open door here.
Unknown command.
Found a basalt altar of Yredelemnul.
You open the door.
Found an ancient bone altar of Kikubaaqudgha.
There is an open door here.
You open the door.
Found a hazy altar of Hepliaklqana.
There is an open door here.
You open the door.
Found a glowing golden altar of the Shining One.
There is an open door here.
Found a sparkling altar of Nemelex Xobeh.
Unknown command.
You open the door.
Found a shimmering altar of Xom.
You are feeling hungry.
There is a staircase back to the Dungeon here.
You climb upwards.
Welcome back to the Dungeon!
You hear the sound of rushing water.
There is an entrance to a sewer on this level.
Hurry and find it before the portal rusts away!
You hear the slow rusting of a drain.
There is a staircase to the Ecumenical Temple here.
You see here a scroll labeled BEPUCL ZELEISE.
y - a scroll labeled BEPUCL ZELEISE An adder comes into view.
As you read the scroll labeled BEPUCL ZELEISE, it crumbles to dust.
The scroll dissolves into smoke.
It was a scroll of fog.
Are you sure you want to abandon this character and quit the game? (Confirm with "yes".)

#...#......<#
#...#.....#†#.
#...#.......#.##
#...######)[#..#
###...'.......##.# #
).....#####...##.#.#
......#####...##§#§#
.........##..>##§§§#∆
.........##...§§@§§#
##.......######§#§##
#.......# #§#§#
#...)...######.#≈#
#..............#≈#
#..............#≈#
#..............#S#
#...$.....§..#.#≈#
#............#.#


There were no monsters in sight!

Vanquished Creatures
  Pikel (D:5)
  The ghost of tidbits the Charmwright, an amateur GnWn (D:6)
  Prince Ribbit (D:5)
  A centaur (D:5)
  A wyvern zombie (D:6)
  A crimson imp (D:6)
  A centaur zombie (D:4)
  A jelly (D:5)
  A hound (D:5)
  4 orc priests
  An iguana (D:6)
  A bullfrog skeleton (D:6)
  Ijyb (D:4)
  A worker ant (D:6)
  2 worker ant zombies (D:6)
  2 adders
  13 orcs
  A giant cockroach (D:2)
  2 goblins
  6 jackals
  3 quokkas
  2 bats
  3 frilled lizards
  2 kobolds (D:2)
  3 rats
56 creatures vanquished.

Vanquished Creatures (others)
  2 slaves (D:5)
  A worker ant (D:5)
  A worm (D:5)
  A jackal (D:5)
5 creatures vanquished.

Grand Total: 61 creatures vanquished

Notes
Turn   | Place    | Note
-------+----------+-------------------------------------------
     0 | D:1      | tidbits the Gnoll Skald began the quest for the Orb.
     0 | D:1      | Reached XP level 1. HP: 20/20 MP: 6/6
     1 | D:1      | Noticed a minotaur skeleton
    54 | D:2      | Noticed Jessica
    92 | D:1      | Reached XP level 2. HP: 17/26 MP: 2/7
    96 | D:1      | Learned a level 2 spell: Song of Slaying
    99 | D:1      | Learned a level 2 spell: Shroud of Golubria
   216 | D:2      | You fall through a shaft!
   270 | D:4      | Reached skill level 5 in Spellcasting
   270 | D:4      | Reached skill level 1 in Invocations
   270 | D:4      | Reached XP level 3. HP: 24/31 MP: 0/9
   275 | D:4      | Learned a level 3 spell: Regeneration
   279 | D:4      | Learned a level 3 spell: Spectral Weapon
   315 | D:4      | Found a blossoming altar of Fedhas.
   316 | D:4      | Noticed Ijyb
   325 | D:4      | Killed Ijyb
   325 | D:4      | Reached skill level 1 in Short Blades
   325 | D:4      | Reached skill level 1 in Long Blades
   325 | D:4      | Reached skill level 1 in Maces & Flails
   325 | D:4      | Reached skill level 1 in Polearms
   325 | D:4      | Reached skill level 1 in Staves
   325 | D:4      | Reached skill level 1 in Slings
   325 | D:4      | Reached skill level 1 in Bows
   325 | D:4      | Reached skill level 1 in Crossbows
   325 | D:4      | Reached skill level 1 in Throwing
   325 | D:4      | Reached skill level 1 in Stealth
   325 | D:4      | Reached skill level 1 in Shields
   325 | D:4      | Reached skill level 1 in Unarmed Combat
   325 | D:4      | Reached skill level 1 in Evocations
   325 | D:4      | Reached XP level 4. HP: 32/38 MP: 1/11
   389 | D:4      | Reached skill level 1 in Conjurations
   389 | D:4      | Reached skill level 1 in Hexes
   389 | D:4      | Reached skill level 1 in Summonings
   389 | D:4      | Reached skill level 1 in Necromancy
   389 | D:4      | Reached skill level 1 in Translocations
   389 | D:4      | Reached skill level 1 in Transmutations
   389 | D:4      | Reached skill level 1 in Fire Magic
   389 | D:4      | Reached skill level 1 in Ice Magic
   389 | D:4      | Reached skill level 1 in Air Magic
   389 | D:4      | Reached skill level 1 in Earth Magic
   389 | D:4      | Reached skill level 1 in Poison Magic
   389 | D:4      | Reached XP level 5. HP: 26/43 MP: 1/12
   454 | D:5      | Entered Level 5 of the Dungeon
   454 | D:5      | Noticed Pikel
   454 | D:5      | Noticed a slave
   454 | D:5      | Noticed a slave
   456 | D:5      | Noticed a slave
   459 | D:5      | Noticed a slave
   480 | D:5      | Killed Pikel
   480 | D:5      | Reached skill level 5 in Fighting
   480 | D:5      | Reached skill level 2 in Short Blades
   480 | D:5      | Reached skill level 2 in Long Blades
   480 | D:5      | Reached skill level 5 in Axes
   480 | D:5      | Reached skill level 2 in Maces & Flails
   480 | D:5      | Reached skill level 2 in Polearms
   480 | D:5      | Reached skill level 2 in Staves
   480 | D:5      | Reached skill level 2 in Slings
   480 | D:5      | Reached skill level 2 in Bows
   480 | D:5      | Reached skill level 2 in Crossbows
   480 | D:5      | Reached skill level 2 in Throwing
   480 | D:5      | Reached skill level 3 in Armour
   480 | D:5      | Reached skill level 5 in Dodging
   480 | D:5      | Reached skill level 2 in Stealth
   480 | D:5      | Reached skill level 2 in Shields
   480 | D:5      | Reached skill level 2 in Unarmed Combat
   480 | D:5      | Reached skill level 2 in Invocations
   480 | D:5      | Reached skill level 2 in Evocations
   480 | D:5      | Reached XP level 6. HP: 32/51 MP: 10/14
   480 | D:5      | Reached XP level 7. HP: 35/56 MP: 10/15
   545 | D:5      | Reached skill level 2 in Conjurations
   545 | D:5      | Reached skill level 2 in Hexes
   545 | D:5      | Reached skill level 2 in Summonings
   545 | D:5      | Reached skill level 2 in Necromancy
   545 | D:5      | Reached skill level 2 in Translocations
   545 | D:5      | Reached skill level 2 in Transmutations
   545 | D:5      | Reached skill level 2 in Fire Magic
   545 | D:5      | Reached skill level 2 in Ice Magic
   545 | D:5      | Reached skill level 2 in Air Magic
   545 | D:5      | Reached skill level 2 in Earth Magic
   545 | D:5      | Reached skill level 2 in Poison Magic
   594 | D:5      | Noticed Prince Ribbit
   599 | D:5      | Killed Prince Ribbit
   599 | D:5      | Reached skill level 6 in Charms
   599 | D:5      | Reached skill level 3 in Invocations
   599 | D:5      | Reached XP level 8. HP: 44/63 MP: 9/16
   705 | D:5      | Reached skill level 4 in Armour
   764 | D:6      | Reached skill level 3 in Short Blades
   764 | D:6      | Reached skill level 3 in Long Blades
   764 | D:6      | Reached skill level 3 in Maces & Flails
   764 | D:6      | Reached skill level 3 in Polearms
   764 | D:6      | Reached skill level 3 in Staves
   764 | D:6      | Reached skill level 3 in Slings
   764 | D:6      | Reached skill level 3 in Bows
   764 | D:6      | Reached skill level 3 in Crossbows
   764 | D:6      | Reached skill level 3 in Throwing
   764 | D:6      | Reached skill level 3 in Stealth
   764 | D:6      | Reached skill level 3 in Shields
   764 | D:6      | Reached skill level 3 in Unarmed Combat
   764 | D:6      | Reached skill level 3 in Evocations
   784 | D:6      | Noticed tidbits's ghost (amateur GnWn)
   805 | D:6      | Killed tidbits's ghost
   805 | D:6      | Reached skill level 6 in Spellcasting
   861 | D:6      | Found a staircase to the Ecumenical Temple.
   870 | Temple   | Entered the Ecumenical Temple
   973 | D:6      | Quit the game

Skill      XL: |  1  2  3  4  5  6  7  8 |
---------------+-------------------------+-----
Spellcasting   | 5 6 |  6.1
Invocations    | 1 2 3 |  3.8
Short Blades   | 1 2 3 |  3.4
Long Blades    | 1 2 3 |  3.4
Maces & Flails | 1 2 3 |  3.4
Polearms       | 1 2 3 |  3.4
Staves         | 1 2 3 |  3.4
Slings         | 1 2 3 |  3.4
Bows           | 1 2 3 |  3.4
Crossbows      | 1 2 3 |  3.4
Throwing       | 1 2 3 |  3.4
Stealth        | 1 2 3 |  3.4
Shields        | 1 2 3 |  3.4
Unarmed Combat | 1 2 3 |  3.4
Evocations     | 1 2 3 |  3.4
Conjurations   | 1 2 |  2.8
Hexes          | 1 2 |  2.8
Summonings     | 1 2 |  2.8
Necromancy     | 1 2 |  2.8
Translocations | 1 2 |  2.8
Transmutations | 1 2 |  2.8
Fire Magic     | 1 2 |  2.8
Ice Magic      | 1 2 |  2.8
Air Magic      | 1 2 |  2.8
Earth Magic    | 1 2 |  2.8
Poison Magic   | 1 2 |  2.8
Fighting       | 5 |  5.8
Axes           | 5 |  5.8
Armour         | 3 4 |  4.3
Dodging        | 5 |  5.8
Charms         | 6 |  6.2

Action                   |  1- 3 |  4- 6 |  7- 9 || total
-------------------------+-------+-------+-------++-------
Melee: Hand axe          |    47 |    18 |    90 ||   155
       Bite              |     6 |     2 |    10 ||    18
       Punch             |       |       |     1 ||     1
 Cast: Infusion          |     4 |       |       ||     4
       Shroud of Golubri |     2 |     1 |     3 ||     6
       Spectral Weapon   |     1 |     2 |     7 ||    10
       Song of Slaying   |       |     1 |     5 ||     6
       Regeneration      |       |       |     4 ||     4
Evoke: Wand              |       |     7 |     5 ||    12
  Use: Scroll            |       |     1 |    10 ||    11
 Stab: Distracted        |       |     1 |     3 ||     4
  Eat: Chunk             |       |       |     1 ||     1
Armor: Leather armour    |     8 |     2 |       ||    10
       Robe              |       |       |    16 ||    16
Dodge: Dodged            |    28 |    17 |    75 ||   120
Block: Buckler           |       |       |    13 ||    13

Table legend:
 A = Turns spent in this place as a percentage of turns spent in the entire game.
 B = Non-inter-level travel turns spent in this place as a percentage of non-inter-level travel turns spent in the entire game.
 C = Inter-level travel turns spent in this place as a percentage of turns spent in this place.
 D = Turns resting spent in this place as a percentage of non-inter-level travel turns spent in this place.
 E = Turns spent auto-exploring this place as a percentage of non-inter-level travel turns spent in this place.
 F = Non-inter-level travel turns spent in this place divided by the number of levels of this place that you've seen.
                   A       B       C       D       E      F
               +-------+-------+-------+-------+-------+----------------------
         Total | 100.0 | 100.0 |   6.4 |   0.0 |   0.0 | 130.1
       Dungeon |  90.4 |  91.2 |   5.6 |   0.0 |   0.0 | 138.5
        Temple |   9.6 |   8.8 |  14.0 |   0.0 |   0.0 |  80.0
               +-------+-------+-------+-------+-------+----------------------

Table legend:
 A = Kills in this place as a percentage of kills in entire the game.
 B = Kills by you in this place as a percentage of kills by you in the entire game.
 C = Kills by friends in this place as a percentage of kills by friends in the entire game.
 D = Other kills in this place as a percentage of other kills in the entire game.
 E = Experience gained in this place as a percentage of experience gained in the entire game.
 F = Experience gained in this place divided by the number of levels of this place that you have seen.
                   A       B       C       D       E      F
               +-------+-------+-------+-------+-------+----------------------
         Total | 100.0 | 100.0 |   N/A |   N/A | 100.0 | 286.9
       Dungeon | 100.0 | 100.0 |   N/A |   N/A | 100.0 | 334.7
               +-------+-------+-------+-------+-------+----------------------

Vault maps used:
D:1:      shiori_arrival_whats_in_store_for_you
D:2:      grunt_temple_overflow_open, uniq_jessica
D:3:      lemuel_crystal_altar, first_ration
D:4:      black_bear_nest_1, kennysheep_mini_moat, uniq_ijyb
D:5:      nicolae_qazlal_eye_of_the_storm, uniq_prince_ribbit1, uniq_pikel
D:6:      minmay_temple_entry_purple_smoke, portal_sewer_entry_d,
          grunt_ministairs_7, minmay_holes
Temple:   minmay_temple_curvy_loop
